 Dungeon Crawl Stone Soup version bcrawl-1.28.1b (webtiles) character file.

Game seed: 2599702665760373657

289586 Morbidden the Basher (level 9, -2/59 HPs)
             Began as an Octopode Archaeologist on Dec 25, 2020.
             Was an Elder of Cheibriados.
             Slain by a fire dragon (16 damage)
             ... on level 7 of the Dungeon.
             The game lasted 00:11:22 (6692 turns).

Morbidden the Basher (Octopode Archaeologist)       Turns: 6692, Time: 00:11:23

Health: -2/59      AC:  2    Str: 21    XL:     9   Next: 89%
Magic:  9/14       EV: 16    Int: 29    God:    Cheibriados [****..]
Gold:   558        SH:  8    Dex: 27    Spells: 15/15 levels left

rFire    . . .     SeeInvis .   d - +6 eveningstar (flame)
rCold    + . .     Gourm    .   h - +0 buckler
rNeg     . . .     Faith    .   b - +1 hat
rPois    .         Spirit   .   (cloak restricted)
rElec    .         Reflect  .   (no amulet)
rCorr    .         Harm     .   u - ring of protection from cold
MR       .....                  f - +7 ring of dexterity
Stlth    ++++++....             (no ring)
HPRegen  0.19/turn              (no ring)
MPRegen  0.14/turn              (no ring)
                                (no ring)
                                (no ring)
                                (no ring)

@: studying Maces & Flails, very slow
A: almost no armour, stealthy swim, amphibious, 8 rings, constrict 8, camouflage
1, gelatinous body 1
a: Bend Time, Temporal Distortion, Slouch, Renounce Religion


You were on level 7 of the Dungeon.
You worshipped Cheibriados.
Cheibriados was greatly pleased with you.
You were hungry.

You visited 1 branch of the dungeon, and saw 8 of its levels.
You also visited: Sewer.

You collected 558 gold pieces.

Inventory:

Hand Weapons
 d - a +6 eveningstar of flaming (weapon)
Missiles
 g - 83 exploding tomahawks
 s - 162 poisoned tomahawks (quivered)
Armour
 b - a +1 hat (worn)
 h - a +0 buckler (worn)
Jewellery
 f - a +7 ring of dexterity (right tentacle)
 u - a ring of protection from cold (left tentacle)
 E - a +2 ring of strength
Wands
 A - a wand of acid (6)
 D - a wand of random effects (7)
 F - a wand of digging (9)
Scrolls
 c - 4 scrolls of magic mapping
 k - 2 scrolls of fog
 r - a scroll of enchant armour {unknown}
 t - 2 scrolls of amnesia
 v - 4 scrolls of remove curse {unknown}
 y - 5 scrolls of teleportation {unknown}
 B - a scroll of immolation {unknown}
 C - a scroll of blinking {unknown}
Potions
 i - 4 potions of degeneration {unknown}
 j - 2 potions of mutation
 l - 3 potions of brilliance
 m - a potion of curing
 n - 5 potions of heal wounds
 o - a potion of agility {unknown}
 q - a potion of flight {unknown}
 x - 2 potions of magic
 z - 5 potions of might
Books
 w - a manual of Maces & Flails
Comestibles
 e - 20 rations {!d}


   Skills:
 * Level 4.3 Fighting
 * Level 11.2 Maces & Flails
 + Level 1.3 Throwing
 + Level 4.0 Dodging
 + Level 8.9 Stealth
 * Level 4.0 Shields
 * Level 3.7 Spellcasting
 * Level 3.8 Invocations


You had 15 spell levels left.
You didn't know any spells.
Your spell library contained the following spells:

 Spells                   Type           Power        Failure   Level  Hunger
 Summon Scorpions         Summ/Pois      #.......     80%         4    #####..
 Throw Icicle             Conj/Ice       #.......     80%         4    #####..
 Bolt of Cold             Conj/Ice       #.........   100%        6    #######
 Summon Hydra             Summ           #.........   100%        6    #######


Dungeon Overview and Level Annotations

Branches:
Dungeon (8/12)             Temple (0/1) D:7            Lair (0/6) D:8
    Orc: D:8-11

Altars:
Ashenzari
Cheibriados
Dithmenos
Fedhas
Lugonu
Nemelex Xobeh
Okawaru
Ru
Trog
Vehumet
Zin

Shops:
D:4 :   D:7 :

Annotations:
D:7 1 runed door


Innate Abilities, Weirdness & Mutations

You cannot wear most types of armour.
You are very stealthy in the water. (Stealth+)
You are amphibious.
You can wear up to eight rings at the same time.
You can use your tentacles to constrict eight enemies at once.
Your skin changes colour to match your surroundings (Stealth+).
Your rubbery body absorbs attacks. (AC +1, EV +1)


Message History

The fire dragon is heavily wounded.
The fire dragon bites you! The fire dragon misses you.
You block the fire dragon's attack.
Your shield prevents you from hitting the fire dragon.
You squeeze the fire dragon, but do no damage.
The fire dragon is heavily wounded.
You block the fire dragon's attack. The fire dragon claws you!
The fire dragon completely misses you.
You barely miss the fire dragon. You squeeze the fire dragon.
The fire dragon is heavily wounded.
The fire dragon breathes flames at you. The blast of flame hits you!
* * * LOW HITPOINT WARNING * * *
No path to travel!
No path to travel!
You can feel time thicken for a moment.
You can no longer step out of the time flow.
Cheibriados lowers the support of your attributes as your movement quickens.
The fire dragon bites you!
You die...

### ### ###########.##
####.###.#...##.#...#
##.#..##...#####.#....
##.........###.#.......
#....D@....#♣._##....#.
##.........'...8#....#.
#.........#♣._###.###>
##......#.####.##.####.
########......##).# ###..#....
##..##.....#....#..###........#
#.........##.......#......(....
###..........#...................
#........>..∩..##..............._


You could see a fire dragon.

Vanquished Creatures
  A kobold demonologist (D:7)
  Prince Ribbit (D:7)
  3 black bears
  3 phantoms
  An orc warrior (D:6)
  3 ogres
  A centaur (D:5)
  4 bullfrogs
  2 scorpions
  3 wights
  3 howler monkeys
  An electric eel (D:7)
  A crimson imp (D:8)
  2 centaur zombies
  A jelly (D:6)
  4 hounds
  9 orc wizards
  A bullfrog skeleton (D:5)
  4 orc priests
  4 iguanas
  Terence (D:2)
  A worker ant (D:7)
  9 adders
  A shadow imp (D:5)
  9 worms
  An adder zombie (D:7)
  3 dart slugs
  5 leopard geckos
  16 orcs
  4 giant cockroaches
  5 goblins
  4 hobgoblins
  14 jackals
  4 quokkas
  4 ball pythons
  9 bats
  6 frilled lizards
  A jackal zombie (D:5)
  14 kobolds
  A quokka skeleton (D:4)
  7 rats
  4 fungi (D:7)
  3 plants (Sewer)
178 creatures vanquished.

Notes
Turn   | Place    | Note
-------+----------+-------------------------------------------
     0 | D:1      | Morbidden the Octopode Archaeologist began the quest for
                  | the Orb.
     0 | D:1      | Reached XP level 1. HP: 13/13 MP: 1/1
   237 | D:1      | Reached XP level 2. HP: 9/18 MP: 2/2
   432 | D:1      | Reached skill level 5 in Stealth
   930 | D:2      | Found a snail-covered altar of Cheibriados.
   936 | D:2      | Reached XP level 3. HP: 21/23 MP: 3/3
   940 | D:2      | Became a worshipper of Cheibriados the Contemplative
  1034 | D:2      | Noticed Terence
  1048 | D:2      | Killed Terence
  1049 | D:2      | Reached XP level 4. HP: 16/28 MP: 4/4
  1165 | D:2      | Found a glowing silver altar of Zin.
  1477 | D:2      | Found an iron altar of Okawaru.
  1671 | D:3      | Reached skill level 1 in Shields
  1685 | D:3      | Reached * piety under Cheibriados
  1839 | D:3      | Found a bloodstained altar of Trog.
  2030 | D:3      | Reached skill level 1 in Spellcasting
  2218 | D:3      | Reached XP level 5. HP: 34/34 MP: 6/6
  2218 | D:3      | Identified a scroll of acquirement
  2218 | D:3      | Identified the ring "Irhisae" {rN+ MR- rCorr Str+9 Dex-3}
                  | (You acquired it on level 3 of the Dungeon)
  2270 | D:3      | Reached skill level 2 in Maces & Flails
  2270 | D:3      | Reached skill level 1 in Invocations
  2489 | D:4      | Found a snail-covered altar of Cheibriados.
  2601 | D:4      | Reached XP level 6. HP: 38/39 MP: 6/8
  2604 | D:4      | Reached skill level 3 in Maces & Flails
  2631 | D:4      | Found a shattered altar of Ashenzari.
  2709 | D:4      | Reached ** piety under Cheibriados
  2715 | D:4      | Noticed a black bear
  2725 | D:4      | Killed a black bear
  2726 | D:4      | Reached skill level 4 in Maces & Flails
  2726 | D:4      | Reached XP level 7. HP: 41/45 MP: 9/9
  3013 | D:4      | Reached skill level 5 in Maces & Flails
  3142 | D:4      | Reached skill level 1 in Throwing
  3242 | D:4      | Found a blossoming altar of Fedhas.
  3319 | D:4      | Found Beluag's Book Boutique.
  3429 | D:5      | Entered Level 5 of the Dungeon
  3433 | D:5      | Reached skill level 6 in Maces & Flails
  3433 | D:5      | Reached XP level 8. HP: 51/51 MP: 11/11
  3542 | D:5      | Found a sparkling altar of Nemelex Xobeh.
  3600 | D:5      | Found a glowing drain.
  3609 | Sewer    | Entered a sewer
  4260 | D:5      | Reached *** piety under Cheibriados
  4263 | D:5      | Reached skill level 7 in Maces & Flails
  5032 | D:6      | Reached skill level 8 in Maces & Flails
  5135 | D:6      | Reached XP level 9. HP: 58/58 MP: 13/13
  5233 | D:6      | Reached **** piety under Cheibriados
  5255 | D:6      | Found a corrupted altar of Lugonu.
  5304 | D:6      | Reached skill level 9 in Maces & Flails
  5326 | D:6      | Found a bloodstained altar of Trog.
  5743 | D:7      | Found a radiant altar of Vehumet.
  5761 | D:7      | Found a staircase to the Ecumenical Temple.
  5773 | D:7      | Noticed a kobold demonologist
  5779 | D:7      | Killed a kobold demonologist
  5780 | D:7      | Reached skill level 10 in Maces & Flails
  5996 | D:7      | Found Rafuex's Book Shop.
  6033 | D:7      | Found a sacrificial altar of Ru.
  6034 | D:7      | Found a shadowy altar of Dithmenos.
  6085 | D:7      | Noticed Prince Ribbit
  6089 | D:7      | Killed Prince Ribbit
  6213 | D:7      | Found a runed door.
  6338 | D:7      | Identified the Grimoire of Congealing Creation
  6387 | D:8      | Found a staircase to the Lair.
  6400 | D:8      | Noticed a fire dragon
  6430 | D:8      | Reached skill level 11 in Maces & Flails
  6446 | D:8      | Noticed a cyclops
  6455 | D:8      | Reached ***** piety under Cheibriados
  6692 | D:7      | Slain by a fire dragon

Skill      XL: |  1  2  3  4  5  6  7  8  9 |
---------------+----------------------------+-----
Stealth        | 5 6 7 8 |  8.9
Shields        | 1 2 3 4 |  4.0
Spellcasting   | 1 2 3 |  3.7
Maces & Flails | 2 4 6 8 11 | 11.2
Invocations    | 1 2 3 |  3.8
Fighting       | 2 3 4 |  4.3
Throwing       | 1 |  1.3
Dodging        | 4 |  4.0

Action                   |  1- 3 |  4- 6 |  7- 9 || total
-------------------------+-------+-------+-------++-------
Melee: Whip              |    70 |    52 |       ||   122
       Constrict         |    16 |    26 |    44 ||    86
       Tentacles         |    10 |    21 |    61 ||    92
       Eveningstar       |       |    25 |   189 ||   214
Throw: Tomahawk          |       |     7 |    16 ||    23
Invok: Slouch            |       |       |     1 ||     1
Evoke: Wand              |       |       |     1 ||     1
  Use: Scroll            |       |     6 |     5 ||    11
       Potion            |       |       |     1 ||     1
 Stab: Sleeping          |     9 |    11 |    33 ||    53
       Distracted        |     1 |       |     1 ||     2
  Eat: Chunk             |     2 |     7 |    11 ||    20
Armor: Skin              |     3 |     8 |    10 ||    21
Dodge: Dodged            |    42 |    34 |    56 ||   132
Block: Buckler           |     8 |    14 |    53 ||    75
